 Dungeon Crawl Stone Soup version 0.31-a0-925-g0a390f2509 (webtiles) character file.

Game seed: 12494111032269485976

25357 freelancePsychic the Fighter (level 13, -18/101 HPs)
             Began as a Djinni Shapeshifter on Oct 18, 2023.
             Was the Champion of Cheibriados.
             Demolished by a reaper
             ... wielding a +1 scythe of freezing
              (36 damage)
             ... in an ice cave.
             The game lasted 00:36:02 (19437 turns).

freelancePsychic the Fighter (Djinni Shapeshifter) Turns: 19437, Time: 00:36:03

Health: -18/101    AC: 11    Str: 28    XL:     13   Next: 49%
Gold:   692        EV: 20    Int: 31    God:    Cheibriados [******] SH:  7 Dex: 29

rFire   + + +        q - +2 dagger (venom)
rCold   + . .        Q - +1 buckler {rC+}
rNeg    . . .        c - +3 leather armour {rC+ rF+}
rPois   ∞            m - +0 helmet
rElec   .            i - +2 cloak {Stlth+}
rCorr   .            x - +0 pair of gloves
SInv    .            (boots unavailable)
Will    +....        (no amulet)
Stlth   ++++         (no ring)
HPRegen 0.36/turn    (no ring)
MPRegen 0.00/turn

%: infuse magic (-19 HP)
@: flying, studying Polearms, very slow
A: sickness immunity, fire resistance 2, cold vulnerability 1, float, innate
caster, HP casting, extra vitality 1
a: Renounce Religion, Bend Time, Temporal Distortion, Slouch, Step From Time


You were in an ice cave.
You worshipped Cheibriados.
Cheibriados was exalted by your worship.
You visited 3 branches of the dungeon, and saw 14 of its levels.
You also visited: Ossuary, Bailey and Ice Cave.

You collected 914 gold pieces.
You spent 222 gold pieces at shops.

Inventory:

Hand Weapons
 q - a +2 dagger of venom (weapon)
 D - the +12 glaive of Prune {freeze, Prune}
   (You found it in a bailey)

   Prune:     It halves damage taken while paralysed, petrified or unconscious.
 L - a +0 double sword
Armour
 c - a +3 leather armour of resistance (worn)
 i - a +2 cloak of stealth (worn)
 m - a +0 helmet (worn)
 x - a +0 pair of gloves (worn)
 N - a +0 troll leather armour
 Q - a +1 buckler of cold resistance (worn)
Magical Staves
 v - a staff of conjuration
 C - a staff of fire
Jewellery
 K - a ring of protection from fire
Wands
 h - a wand of quicksilver (2)
 p - a wand of mindburst (16)
 u - a wand of polymorph (2)
 B - a wand of flame (20)
 O - a wand of iceblast (4)
Scrolls
 b - 4 scrolls of silence
 d - 2 scrolls of enchant weapon
 e - a scroll of enchant armour
 f - 3 scrolls of immolation
 g - 5 scrolls of noise
 k - 3 scrolls of amnesia
 r - 2 scrolls of identify {@r1}
 t - 2 scrolls of vulnerability
 w - 2 scrolls of brand weapon
 y - a scroll of acquirement
 E - a scroll of poison
 G - a scroll of fear
 I - a scroll of teleportation {@r4}
Potions
 a - 2 potions of brilliance {unknown}
 j - 4 potions of heal wounds {unknown}
 l - 10 potions of degeneration
 n - 2 potions of curing {@q1}
 o - 2 potions of attraction {unknown}
 s - a potion of cancellation {unknown}
 z - a potion of mutation {unknown}
 A - 3 potions of enlightenment {unknown}
 H - 2 potions of might {unknown}
 J - 2 potions of magic {unknown}
 M - a potion of resistance {unknown}
 P - a potion of berserk rage {unknown}
Miscellaneous
 F - a lightning rod (4/4)


   Skills:
 - Level 12.0 Fighting
 - Level 4.0 Short Blades
 * Level 8.2 Dodging
 - Level 4.0 Stealth
 + Level 0.3 Shields
 - Level 3.0 Unarmed Combat
 - Level 10.3 Spellcasting
 - Level 10.3 Conjurations
 - Level 10.3 Hexes
 - Level 10.3 Summonings
 - Level 10.3 Necromancy
 - Level 10.3 Translocations
 - Level 10.3 Transmutations
 - Level 10.3 Fire Magic
 - Level 10.3 Ice Magic
 - Level 10.3 Air Magic
 - Level 10.3 Earth Magic
 - Level 10.3 Poison Magic
 - Level 8.0 Invocations
 - Level 2.6 Shapeshifting


You knew the following spells:

 Your Spells              Type           Power      Damage    Failure   Level
a - Freeze                Ice            100%       1d10      1%          1
b - Call Imp              Summ           100%       N/A       1%          2
c - Confusing Touch       Hex            69%        N/A       1%          3
d - Airstrike             Air            34%        2d(5-21)  1%          4
e - Iskenderun's Mystic   Conj/Tloc      69%        2d14      1%          4
f - Alistair's Intoxicat  Tmut/Pois      46%        N/A       1%          5
Your spell library was empty.

Dungeon Overview and Level Annotations

Branches:
Dungeon (12/15)            Temple (1/1) D:4            Lair (1/5) D:11
    Orc (0/2) D:9         Ossuary (visited)          Bailey (visited)
  IceCv (1/1)

Altars:
Ashenzari
Cheibriados
Dithmenos
Elyvilon
Fedhas
Gozag
Hepliaklqana
Makhleb
Nemelex Xobeh
Okawaru
Qazlal
Ru
Trog
Uskayaw
Wu Jian
Xom
Yredelemnul
Zin
The Shining One

Shops:
D:1 *   D:6 :   D:8 *

Annotations:
D:7 2 transporters, Persephone's ghost, novice MiHu
D:11 1 runed translucent door, Fodor's ghost, journeyman MiFi


Innate Abilities, Weirdness & Mutations

You are immune to sickness and miasma.
You are immune to poison.
Your flesh is very heat resistant. (rF++)
You are vulnerable to cold. (rC-)
You float through the air rather than walking.
You learn spells naturally, not from books.
Your magical power is your life essence.
You have superior vitality. (+4 MHP)


Message History

The reaper freezes you.
Casting: Iskenderun's Mystic Blast (mildly dangerous; 1% risk of failure)
Confirm with . or Enter, or press ? or * to list all spells.
You erupt in a blast of force!
The mystic blast hits the reaper!
Flame seeps out of the reaper.
The reaper is lightly wounded.
The reaper is knocked back by the mystic blast.
The reaper slams into the ice covered rock wall!
Flame seeps out of the reaper.
The reaper is moderately wounded.
Casting: Iskenderun's Mystic Blast (mildly dangerous; 1% risk of failure)
Confirm with . or Enter, or press ? or * to list all spells.
You erupt in a blast of force!
The mystic blast hits the reaper.
Flame seeps out of the reaper.
The reaper is moderately wounded.
The reaper is knocked back by the mystic blast.
The reaper slams into the ice covered rock wall!
Casting: Iskenderun's Mystic Blast (mildly dangerous; 1% risk of failure)
Confirm with . or Enter, or press ? or * to list all spells.
You erupt in a blast of force!
The mystic blast hits the reaper!
Flame seeps out of the reaper.
The reaper is moderately wounded.
The reaper is knocked back by the mystic blast.
The reaper slams into the ice covered rock wall!
Casting: Iskenderun's Mystic Blast (mildly dangerous; 1% risk of failure)
Confirm with . or Enter, or press ? or * to list all spells.
You erupt in a blast of force!
The mystic blast hits the reaper!!
Flame seeps out of the reaper.
The reaper is severely wounded.
The reaper is knocked back by the mystic blast.
The reaper slams into the ice covered rock wall!
Flame seeps out of the reaper.
The reaper is severely wounded.
The reaper hits you from afar with a +1 scythe of freezing!!
* * * LOW HITPOINT WARNING * * *
The reaper freezes you.
* * * LOW HITPOINT WARNING * * *
You feel better.
The reaper hits you from afar with a +1 scythe of freezing!!!
You die...

######## ########
##......## ##......###
##...###..####.....##..#
#.....###...#....######~
##...## ###...####≈≈≈≈≈~
###..# ####### ###≈≈≈≈≈
#..####2.######.##≈≈≈≈
###..#.##..#.#..≈≈≈≈≈≈
###@#####..##.#≈≈≈≈≈ ###
###..5.#≈≈≈≈ ####.###≈≈
#..# ..## ..## ..# 5.#


ZZ. You could see a reaper (inner flame).

Vanquished Creatures
  A catoblepas (Lair:1)
  3 two-headed ogres
  Erica (D:10)
  A boulder beetle (D:12)
  Sonja (Lair:1)
  A lindwurm (shapeshifter) (D:12)
  Pikel (D:9)
  A manticore (D:11)
  An ugly thing (D:12)
  A cyclops (D:12)
  An ice statue (IceCv)
  A gargoyle (D:10)
  A cane toad (Lair:1)
  Maggie (D:8)
  Psyche (D:8)
  An unseen horror (D:10)
  A freezing wraith (IceCv)
  2 komodo dragons
  3 rime drakes (Lair:1)
  6 trolls
  4 blink frogs (Lair:1)
  Prince Ribbit (D:8)
  A shadow (D:10)
  7 spriggans (Bailey)
  A wraith (D:10)
  4 wyverns
  3 slime creatures (D:12)
  A dire elephant simulacrum (IceCv)
  A human (D:8)
  2 vampires
  2 basilisks (D:11)
  13 yaks
  3 steam dragons
  5 vampire mosquitoes
  A death yak simulacrum (IceCv)
  A warg (D:9)
  A harpy simulacrum (IceCv)
  2 acid dragons (D:11)
  A hydra simulacrum (IceCv)
  A water moccasin (Lair:1)
  2 orc warriors (D:9)
  A sky beast (D:7)
  2 hornet zombies (D:7)
  7 ogres (Bailey)
  4 centaurs
  2 lemures (D:9)
  2 phantoms
  4 bullfrogs
  2 kobold brigands
  A gnoll sergeant (D:10)
  2 necrophages (D:7)
  2 scorpions
  5 two-headed ogre simulacra (IceCv)
  A water moccasin zombie (D:7)
  3 cane toad simulacra (IceCv)
  11 wights
  18 killer bees
  2 elephant simulacra (IceCv)
  8 howler monkeys
  An electric eel (Lair:1)
  A centaur zombie (D:7)
  3 hounds
  A human zombie (D:7)
  11 orc priests
  2 jellies
  A gnoll bouda (D:9)
  5 iguanas
  A sleepcap (D:7)
  16 orc wizards
  9 spriggan simulacra (IceCv)
  A polar bear simulacrum (IceCv)
  2 troll simulacra (IceCv)
  14 mummies
  Robin (D:2)
  3 howler monkey zombies (D:7)
  9 gnolls
  6 naga simulacra (IceCv)
  4 adders
  A shadow imp (D:8)
  10 white imps
  4 ufetubi (IceCv)
  A worm (D:4)
  2 dart slugs
  46 orcs
  5 endoplasms
  5 giant cockroaches
  14 goblins
  9 hobgoblins
  8 jackals
  6 quokkas
  6 ball pythons
  6 bats
  A frilled lizard (D:1)
  5 gnoll skeletons (Ossuary)
  2 goblin skeletons (Ossuary)
  9 kobolds
  An orc skeleton (Ossuary)
  8 rats
  11 rat skeletons (Ossuary)
415 creatures vanquished.

Vanquished Creatures (collateral kills)
  A komodo dragon (D:11)
  3 orc priests
  A sleepcap (D:4)
  An orc wizard (D:5)
  A white imp (D:6)
  A dart slug (D:4)
  4 orcs
  A giant cockroach (D:3)
  3 goblins
  A hobgoblin (D:2)
  A kobold (D:2)
  2 quokkas (D:2)
  A ball python (D:2)
21 creatures vanquished.

Grand Total: 436 creatures vanquished

Notes
Turn   | Place    | Note
-------+----------+-------------------------------------------
     0 | D:1      | freelancePsychic the Djinni Shapeshifter began the quest
                  | for the Orb.
     0 | D:1      | Reached XP level 1. HP: 17/17 MP: 0/0
   148 | D:1      | Reached XP level 2. HP: 22/22 MP: 0/0
   241 | D:1      | Reached skill level 1 in Spellcasting
   241 | D:1      | Reached skill level 1 in Conjurations
   241 | D:1      | Reached skill level 1 in Hexes
   241 | D:1      | Reached skill level 1 in Summonings
   241 | D:1      | Reached skill level 1 in Necromancy
   241 | D:1      | Reached skill level 1 in Translocations
   241 | D:1      | Reached skill level 1 in Transmutations
   241 | D:1      | Reached skill level 1 in Fire Magic
   241 | D:1      | Reached skill level 1 in Ice Magic
   241 | D:1      | Reached skill level 1 in Air Magic
   241 | D:1      | Reached skill level 1 in Earth Magic
   241 | D:1      | Reached skill level 1 in Poison Magic
   360 | D:1      | Reached XP level 3. HP: 27/28 MP: 0/0
   360 | D:1      | Learned a level 1 spell: Freeze
   831 | D:1      | Reached skill level 2 in Fighting
   938 | D:1      | Found Zonur's General Store.
   947 | D:1      | Reached XP level 4. HP: 16/33 MP: 0/0
  1993 | D:2      | Noticed Robin
  2015 | D:2      | Killed Robin
  2016 | D:2      | Reached XP level 5. HP: 19/39 MP: 0/0
  2016 | D:2      | Learned a level 2 spell: Call Imp
  3093 | D:3      | You are sucked into a shaft and drop 1 floor!
  3296 | D:4      | Identified the +2 pair of boots of the Cooper {Harm Rampage
                  | rF- Int+5}
  3303 | D:4      | Reached skill level 3 in Fighting
  3396 | D:4      | Reached XP level 6. HP: 27/46 MP: 0/0
  3755 | D:4      | Found a staircase to the Ecumenical Temple.
  3772 | Temple   | Entered the Ecumenical Temple
  3782 | Temple   | Became a worshipper of Cheibriados the Contemplative
  3920 | D:4      | Reached XP level 7. HP: 50/51 MP: 0/0
  3920 | D:4      | Learned a level 3 spell: Confusing Touch
  4126 | D:5      | Entered Level 5 of the Dungeon
  4132 | D:5      | Found a glowing golden altar of the Shining One.
  4171 | D:5      | Reached skill level 4 in Fighting
  4348 | D:5      | Reached * piety under Cheibriados
  4409 | D:5      | Identified the +4 sling of the Swamp {antimagic, Fly rF++
                  | Will- SInv}
  5304 | D:6      | HP: 2/53 [white imp/puff of frost (13)]
  5524 | D:5      | Reached XP level 8. HP: 57/58 MP: 0/0
  6044 | D:6      | Found Aralo's Tremendous Tomes.
  6221 | D:6      | Reached skill level 1 in Short Blades
  6221 | D:6      | Reached skill level 1 in Stealth
  6483 | D:7      | Found a transporter.
  6521 | D:7      | Found a sand-covered staircase.
  6537 | Ossuary  | Entered an ossuary
  6877 | Ossuary  | Reached skill level 5 in Fighting
  8196 | D:7      | Reached XP level 9. HP: 37/65 MP: 0/0
  8196 | D:7      | Learned a level 4 spell: Airstrike
  8510 | D:7      | Reached ** piety under Cheibriados
  8629 | D:7      | Found a transporter.
  8630 | D:7      | Noticed Persephone's ghost (novice MiHu)
  8630 | D:7      | Identified the +10 dire flail of Destruction {venom, rElec
                  | rPois Will+ Str-2}
  8630 | D:7      | Identified the +6 great mace "Voynn" {heavy, Str+5}
  8630 | D:7      | Noticed a two-headed ogre
  8744 | D:7      | Reached skill level 6 in Fighting
  8775 | D:7      | Reached skill level 5 in Spellcasting
  8775 | D:7      | Reached skill level 5 in Conjurations
  8775 | D:7      | Reached skill level 5 in Hexes
  8775 | D:7      | Reached skill level 5 in Summonings
  8775 | D:7      | Reached skill level 5 in Necromancy
  8775 | D:7      | Reached skill level 5 in Translocations
  8775 | D:7      | Reached skill level 5 in Transmutations
  8775 | D:7      | Reached skill level 5 in Fire Magic
  8775 | D:7      | Reached skill level 5 in Ice Magic
  8775 | D:7      | Reached skill level 5 in Air Magic
  8775 | D:7      | Reached skill level 5 in Earth Magic
  8775 | D:7      | Reached skill level 5 in Poison Magic
  8951 | D:7      | Found a bloodstained altar of Trog.
  9411 | D:7      | Found a basalt altar of Yredelemnul.
  9688 | D:8      | Found a blossoming altar of Fedhas.
  9700 | D:8      | Reached skill level 7 in Fighting
  9875 | D:8      | Found a shimmering altar of Xom.
  9877 | D:8      | Found an iron altar of Okawaru.
  9877 | D:8      | Found a hide-covered altar of Uskayaw.
  9877 | D:8      | Found a shadowy altar of Dithmenos.
  9919 | D:8      | Reached XP level 10. HP: 54/75 MP: 0/0
  9973 | D:8      | Reached *** piety under Cheibriados
 10214 | D:8      | Noticed Maggie
 10219 | D:8      | Killed Maggie
 10285 | D:8      | Noticed Psyche
 10291 | D:8      | Killed Psyche
 10652 | D:8      | Reached skill level 8 in Fighting
 10654 | D:8      | Noticed Prince Ribbit
 10663 | D:8      | Killed Prince Ribbit
 10895 | D:8      | Found Nofilue's Assorted Antiques.
 10911 | D:8      | Bought a viscous emerald potion for 22 gold pieces
 10911 | D:8      | Bought a scroll of identify for 50 gold pieces
 10911 | D:8      | Bought a scroll of identify for 50 gold pieces
 10911 | D:8      | Bought a scroll of identify for 50 gold pieces
 10911 | D:8      | Bought a scroll labelled POJIANIOPN for 25 gold pieces
 10911 | D:8      | Bought a scroll labelled XASIQ CABBAYLO for 25 gold pieces
 11362 | D:9      | Reached **** piety under Cheibriados
 11910 | D:8      | Reached XP level 11. HP: 61/82 MP: 0/0
 11910 | D:8      | Learned a level 4 spell: Iskenderun's Mystic Blast
 12115 | D:9      | Noticed Pikel
 12120 | D:9      | Reached skill level 9 in Fighting
 12128 | D:9      | Killed Pikel
 12647 | D:9      | Found a staircase to the Orcish Mines.
 12653 | D:9      | Identified the -1 pair of gloves of the Monk {+Blink rF+
                  | rN+}
 12680 | D:9      | Found a sparkling altar of Nemelex Xobeh.
 12760 | D:9      | Reached ***** piety under Cheibriados
 13332 | D:10     | Entered Level 10 of the Dungeon
 13334 | D:10     | Identified a scroll of acquirement
 13334 | D:10     | Identified the "Oveiboapn" (You acquired it on level 10 of
                  | the Dungeon)
 13344 | D:10     | Found a white marble altar of Elyvilon.
 13527 | D:10     | Found a flagged portal.
 13547 | Bailey   | Entered a bailey
 13750 | Bailey   | Reached skill level 1 in Invocations
 13999 | Bailey   | Reached skill level 10 in Fighting
 14009 | Bailey   | Noticed a two-headed ogre
 14068 | Bailey   | Killed a two-headed ogre
 14139 | Bailey   | Found the +12 glaive of Prune {freeze, Prune}
 14289 | D:10     | Found a sacrificial altar of Ru.
 14310 | D:10     | Reached XP level 12. HP: 64/91 MP: 0/0
 14636 | D:10     | Noticed Erica
 14642 | D:10     | Killed Erica
 14860 | D:10     | Reached skill level 5 in Invocations
 15322 | D:10     | Reached skill level 10 in Spellcasting
 15322 | D:10     | Reached skill level 10 in Conjurations
 15322 | D:10     | Reached skill level 10 in Hexes
 15322 | D:10     | Reached skill level 10 in Summonings
 15322 | D:10     | Reached skill level 10 in Necromancy
 15322 | D:10     | Reached skill level 10 in Translocations
 15322 | D:10     | Reached skill level 10 in Transmutations
 15322 | D:10     | Reached skill level 10 in Fire Magic
 15322 | D:10     | Reached skill level 10 in Ice Magic
 15322 | D:10     | Reached skill level 10 in Air Magic
 15322 | D:10     | Reached skill level 10 in Earth Magic
 15322 | D:10     | Reached skill level 10 in Poison Magic
 15840 | D:11     | Found a runed translucent door.
 15843 | D:11     | Noticed Fodor's ghost (journeyman MiFi)
 16129 | D:11     | Found a staircase to the Lair.
 16891 | D:12     | Noticed a two-headed ogre
 16897 | D:12     | Killed a two-headed ogre
 16898 | D:12     | Reached skill level 11 in Fighting
 17248 | D:12     | Noticed a two-headed ogre
 17255 | D:12     | Noticed a boulder beetle
 17258 | D:12     | Killed a two-headed ogre
 17276 | D:12     | Killed a boulder beetle
 17418 | D:12     | Reached XP level 13. HP: 36/99 MP: 0/0
 17418 | D:12     | Learned a level 5 spell: Alistair's Intoxication
 17985 | D:12     | Identified the +5 trident of the Parsimonious God {vamp,
                  | rCorr MP+9 Str+8 Int-2}
 18164 | D:12     | Found a hazy altar of Hepliaklqana.
 18333 | Lair:1   | Entered Level 1 of the Lair of Beasts
 18343 | Lair:1   | Noticed Sonja
 18353 | Lair:1   | Killed Sonja
 18354 | Lair:1   | Reached skill level 5 in Dodging
 18371 | Lair:1   | Noticed a catoblepas
 18384 | Lair:1   | Killed a catoblepas
 18442 | Lair:1   | Found a frozen archway.
 18478 | IceCv    | Entered an ice cave
 18483 | IceCv    | Reached ****** piety under Cheibriados
 18484 | IceCv    | Reached skill level 12 in Fighting
 19430 | IceCv    | Noticed a reaper
 19437 | IceCv    | Demolished by a reaper

Illustrated notes

Levels and vault maps discovered:
D:1:      kilobyte_arrival_exit_the_forest, layout_loops_ring, serial_shops,
          nicolae_shop_rolling_square
D:2:      layout_loops_ring, chequers_serial_rivers_room_b, uniq_robin
D:3:      layout_loops_cross, kiku_gazebo_pond_becter
D:4:      layout_basic, minmay_temple_entry_ruins
D:5:      layout_basic, mainiacjoe_overflow_surrounded_room
D:6:      layout_loops_ring, chequers_serial_rivers_small_3,
          nicolae_shop_i_like_big_books
D:7:      layout_basic, nicolae_overflow_hidden_temple,
          lemuel_mausoleum_altar_yredelemnul, gammafunk_ghost_smash,
          gup_ossuary_entry_pyramid
D:8:      layout_cave_pods, grunt_temple_overflow_open,
          mainiacjoe_overflow_tiny_flanked, serial_shops,
          nicolae_shop_overgrown_old_shop, minmay_fractal_squares_5,
          uniq_psyche, uniq_maggie, uniq_prince_ribbit1
D:9:      layout_roguey, kennysheep_mini, erik_orc_4, uniq_pikel
D:10:     minmay_skewed_foursquare, layout_cave_pools, hangedman_ru_absence,
          mainiacjoe_overflow_alcove_2, enter_bailey_7, serial_co_window_serial,
          co_window_of_opportunity_a, co_window_of_opportunity_a,
          co_window_paths_a, co_window_paths_b, co_window_of_opportunity_a,
          co_window_2corner, co_window_2corner, co_window_broadway_a,
          co_window_2corner, co_window_corner_b, co_window_unsneaky_path_a,
          glass_columns_a, glass_columns_a, uniq_erica
D:11:     layout_rooms, erik_lair_dragon, ebering_ghost_reflecting_pool,
          minmay_misc_feat_tower
D:12:     layout_loops_corners, nicolae_hepliaklqana_hippocampus
Temple:   nicolae_temple_two_arcs
Lair:1:   layout_hall_layers, portal_ice_cave_rime,
          nicolae_quartered_pool_medium, serial_bayou_shore_a, uniq_fannar,
          uniq_sonja
IceCv:    ice_cave_caverns_02

Skill      XL: |  1  2  3  4  5  6  7  8  9 10 11 12 13 |
---------------+----------------------------------------+-----
Spellcasting   | 1 2 3 4 6 8 9 10 | 10.3
Conjurations   | 1 2 3 4 6 8 9 10 | 10.3
Hexes          | 1 2 3 4 6 8 9 10 | 10.3
Summonings     | 1 2 3 4 6 8 9 10 | 10.3
Necromancy     | 1 2 3 4 6 8 9 10 | 10.3
Translocations | 1 2 3 4 6 8 9 10 | 10.3
Transmutations | 1 2 3 4 6 8 9 10 | 10.3
Fire Magic     | 1 2 3 4 6 8 9 10 | 10.3
Ice Magic      | 1 2 3 4 6 8 9 10 | 10.3
Air Magic      | 1 2 3 4 6 8 9 10 | 10.3
Earth Magic    | 1 2 3 4 6 8 9 10 | 10.3
Poison Magic   | 1 2 3 4 6 8 9 10 | 10.3
Fighting       | 2 3 4 5 7 8 10 11 12 | 12.0
Short Blades   | 3 4 |  4.0
Stealth        | 3 4 |  4.0
Invocations    | 4 8 |  8.0
Dodging        | 3 8 |  8.2
Shields        | |  0.3
Unarmed Combat | |  3.0
Shapeshifting  | |  2.6

Action                     |  1- 3 |  4- 6 |  7- 9 | 10-12 | 13-15 || total
---------------------------+-------+-------+-------+-------+-------++-------
  Melee: Unarmed           |    48 |     1 |       |       |       ||    49
         Spear             |       |   243 |    38 |       |       ||   281
         Punch             |       |     6 |    35 |     2 |       ||    43
         Dagger            |       |       |   589 |    53 |     5 ||   647
   Cast: Freeze            |    37 |    34 |    17 |       |       ||    88
         Call Imp          |       |    18 |    19 |     4 |       ||    41
         Confusing Touch   |       |       |    52 |     6 |       ||    58
         Airstrike         |       |       |     6 |   203 |    53 ||   262
         Iskenderun's Myst |       |       |       |    93 |    64 ||   157
 Invoke: Slouch            |       |       |       |     2 |       ||     2
Ability: Begin Untransform |     1 |       |       |       |       ||     1
  Evoke: Wand              |       |       |       |       |     1 ||     1
    Use: Potion            |     2 |     2 |     1 |       |     1 ||     6
         Scroll            |     2 |     1 |     5 |     7 |     4 ||    19
   Stab: Distracted        |     1 |     1 |       |     1 |       ||     3
         Invisible         |     1 |       |       |       |       ||     1
         Sleeping          |       |     1 |    10 |       |     1 ||    12
         Confused          |       |       |    44 |     6 |       ||    50
 Armour: Animal skin       |    35 |   164 |    95 |       |       ||   294
         Skin              |     3 |       |       |       |       ||     3
         Leather armour    |       |       |   204 |    78 |    11 ||   293
         Troll leather arm |       |       |       |       |     5 ||     5
  Dodge: Dodged            |    50 |   176 |   259 |    66 |    13 ||   564
  Block: Buckler           |       |       |       |       |     1 ||     1

Table legend: (Time is in decaauts)
 A = Elapsed time spent in this place.
 B = Non-inter-level travel time spent in this place.
 C = Inter-level travel time spent in this place.
 D = Time resting spent in this place.
 E = Time spent auto-exploring this place.
 F = Levels seen in this place.
 G = Mean time per level.
                   A        B        C        D        E       F      G
               +--------+--------+--------+--------+--------+-----+--------+
         Total |  23966 |  22842 |   1124 |    674 |  18153 |  17 | 1409.8 |
       Dungeon |  20607 |  19483 |   1124 |    612 |  15761 |  12 | 1717.2 |
        Temple |     21 |     21 |      0 |      0 |      0 |   1 |   21.0 |
          Lair |    176 |    176 |      0 |     62 |      0 |   1 |  176.0 |
       Ossuary |   1185 |   1185 |      0 |      0 |    881 |   1 | 1185.0 |
        Bailey |    768 |    768 |      0 |      0 |    575 |   1 |  768.0 |
      Ice Cave |   1207 |   1207 |      0 |      0 |    935 |   1 | 1207.0 |
               +--------+--------+--------+--------+--------+-----+--------+

Top non-repeatable levels by time:
     D:8: 2663 daAuts
    D:10: 2441 daAuts
    D:12: 2339 daAuts
     D:7: 2330 daAuts
    D:11: 1810 daAuts
     D:9: 1774 daAuts
     D:6: 1622 daAuts
     D:1: 1592 daAuts
     D:5: 1408 daAuts
   IceCv: 1207 daAuts
 Ossuary: 1185 daAuts
     D:4: 992 daAuts
     D:2: 976 daAuts
  Bailey: 768 daAuts
     D:3: 655 daAuts
